 Dungeon Crawl Stone Soup version 0.18.1-47-g9310371 (webtiles) character file.

2112 Gargoyl the Covered (level 9, 0/68 HPs)
             Began as a Demonspawn Abyssal Knight on June 15, 2016.
             Was a Priest of Lugonu.
             Incinerated by GordonOverkill's ghost (2 damage)
             ... with a sticky flame
             ... on level 7 of the Dungeon.
             The game lasted 00:23:36 (10210 turns).

Gargoyl the Covered (Demonspawn Abyssal Knight)    Turns: 10210, Time: 00:23:36

Health: 0/68       AC: 17    Str: 16    XL:     9   Next: 8%
Magic:  8/12       EV:  6    Int: 19    God:    Lugonu [***...]
Gold:   186        SH:  9    Dex: 13    Spells: 0 memorised, 8 levels left

rFire  . . .     SeeInvis .     v - +0 war axe
rCold  + . .     Gourm    .     x - +2 chain mail {MR+}
rNeg   . . .     Faith    .     w - +0 shield
rPois  .         Spirit   .     (no helmet)
rElec  .         Dismiss  .     j - +1 cloak
rCorr  .         Reflect  .     (no gloves)
SustAt .         Harm     .     m - +1 pair of boots
MR     +....                    (no amulet)
Stlth  ..........               l - +6 ring of intelligence
                                o - ring of protection from cold

@: liquid flames, glowing, drained, somewhat resistant to hostile enchantments,
extremely unstealthy
A: talons 2, demonic guardian 1
a: Depart the Abyss, Bend Space, Banish, Renounce Religion


You were on level 7 of the Dungeon.
You worshipped Lugonu.
Lugonu was most pleased with you.
You were hungry.

You visited 1 branch of the dungeon, and saw 8 of its levels.
You visited the Abyss 1 time.

You collected 296 gold pieces.
You spent 110 gold pieces at shops.

Inventory:

Hand Weapons
 f - a +1 hand crossbow of flaming
 v - a +0 war axe (weapon)
Missiles
 q - 34 bolts
 u - 10 javelins (quivered)
Armour
 j - a +1 cloak (worn)
 m - a +1 pair of boots (worn)
 w - a +0 shield (worn)
 x - a +2 chain mail of magic resistance (worn)
Jewellery
 l - a +6 ring of intelligence (right hand)
 o - a ring of protection from cold (left hand)
Wands
 E - a wand of lightning (8/15)
Scrolls
 a - a scroll of magic mapping
 b - a scroll of fear
 h - 4 scrolls of identify
 i - 4 scrolls of remove curse
 k - a scroll of fog
 r - a scroll of enchant armour
 s - 2 scrolls of amnesia
 G - a scroll of enchant weapon {unknown}
Potions
 e - 3 potions of degeneration
 n - a potion of cancellation {unknown}
 p - a potion of magic {unknown}
 t - a potion of lignification {unknown}
 A - 2 potions of flight {unknown}
 B - a potion of might
 C - a potion of haste {unknown}
 D - a potion of heal wounds
Books
 g - a book of Misfortune

   Spells                             Type                      Level
   a - Confusing Touch                Hexes                        2
   b - Confuse                        Hexes                        3
   c - Gell's Gravitas                Hexes/Translocation          3
   d - Petrify                        Transmutation/Earth          4
   e - Metabolic Englaciation         Hexes/Ice                    5
   f - Yara's Violent Unravelling     Hexes/Transmutation          5
 y - a book of Dreams

   Spells                             Type                      Level
   a - Ensorcelled Hibernation        Hexes/Ice                    2
   b - Silence                        Hexes/Air                    5
   c - Darkness                       Hexes                        6
   d - Shadow Creatures               Summoning                    6
Comestibles
 c - a bread ration
 d - 7 meat rations
 z - a beef jerky
 F - 2 chunks of flesh


   Skills:
 + Level 5.2(5.1) Fighting
 + Level 4.2(4.1) Axes
 + Level 0.5(0.3) Crossbows
 * Level 7.5(7.4) Armour
 + Level 3.4(3.3) Dodging
 + Level 1.3(1.1) Stealth
 + Level 3.2(3.1) Shields
 + Level 4.2(4.1) Invocations


You had 8 spell levels left.
You didn't know any spells.

Dungeon Overview and Level Annotations

Branches:
Dungeon (8/15)             Temple (0/1) D:6
   Lair: D:8-11

Altars:
Fedhas

Shops:
D:5 !   D:6 (


Innate Abilities, Weirdness & Mutations

You have razor-sharp toenails.
A weak demonic guardian rushes to your aid.


Message History

GordonOverkill's ghost is devoured by a tear in reality.
Lugonu claims a new guest.
You have reached level 9!
Your experience leads to an increase in your attributes!
Your base attributes are Str 15, Int 13, Dex 13.
Increase (S)trength, (I)ntelligence, or (D)exterity?
You feel stronger.
You feel somewhat more hungry.
Your crimson imp disappears in a puff of smoke!
You are covered in liquid flames!
* * * LOW HITPOINT WARNING * * *
Your shield and chain mail prevent you from hitting the orc.
You are covered in liquid flames!
* * * LOW HITPOINT WARNING * * *
The orc hits you but does no damage.
You slash the orc!
You kill the orc!
Lugonu accepts your kill.
You are covered in liquid flames!
You die...

.# #######.
###...... ## #
#....... ..
#.#...... .#
.#.......###.?#
........ยงยง@...#
.#.....<(####.#
........##
..##....# ####.#
#.# #?# #.# #.#


There were no monsters in sight!

Vanquished Creatures
  A hippogriff (D:8)
  An ice beast (D:5)
  3 ogres
  Blork the orc (D:6)
  A scorpion (D:4)
  2 killer bees
  A wight (D:7)
  A jelly (D:5)
  A hound (D:6)
  2 centaur skeletons
  3 orc priests
  2 orc wizards
  A giant frog skeleton (D:6)
  4 worker ants
  3 gnolls (D:4)
  9 adders
  A shadow imp (D:8)
  An ooze (D:6)
  A worm (D:2)
  2 dart slugs
  9 giant geckos
  25 orcs
  3 ball pythons
  4 giant cockroaches
  8 goblins
  6 hobgoblins
  8 jackals
  11 kobolds
  3 quokkas
  9 bats
  2 giant gecko zombies
  8 giant newts
  7 rats
144 creatures vanquished.

Vanquished Creatures (collateral kills)
  Prince Ribbit (D:8)
  Eustachio (D:6)
  A centaur (D:8)
  2 killer bees
  An orc priest (D:3)
  2 orc wizards (D:4)
  An adder (D:6)
  A worm (D:3)
  5 orcs
15 creatures vanquished.

Vanquished Creatures (others)
  The ghost of GordonOverkill the Arsonist, a novice DrFE of Vehumet (D:7)
  3 killer bees
  2 crimson imps
  An orc (D:7)
7 creatures vanquished.

Grand Total: 166 creatures vanquished

Notes
Turn   | Place    | Note
--------------------------------------------------------------
     0 | Abyss:1  | Gargoyl the Demonspawn Abyssal Knight began the quest for the Orb.
     0 | Abyss:1  | Reached XP level 1. HP: 18/18 MP: 2/2
   136 | Abyss:2  | Noticed a vampire
   148 | Abyss:2  | Noticed a rakshasa
   148 | D:1      | Escaped the Abyss
   425 | D:1      | Reached * piety under Lugonu
   425 | D:1      | Gained mutation: You have sharp toenails. [demonic ancestry]
   425 | D:1      | Reached XP level 2. HP: 4/24 MP: 3/3
   552 | D:1      | Reached skill level 1 in Dodging
  1374 | D:2      | Reached skill level 2 in Armour
  1374 | D:2      | Reached XP level 3. HP: 12/29 MP: 5/5
  2065 | D:2      | Reached ** piety under Lugonu
  2539 | D:3      | Gained mutation: A weak demonic guardian rushes to your aid. [demonic ancestry]
  2539 | D:3      | Reached XP level 4. HP: 25/36 MP: 6/6
  2833 | D:2      | Reached skill level 3 in Armour
  3230 | D:3      | Reached XP level 5. HP: 5/42 MP: 7/7
  4302 | D:4      | Noticed an ogre
  4311 | D:4      | Killed an ogre
  4311 | D:4      | Reached XP level 6. HP: 5/48 MP: 8/8
  4763 | D:4      | Reached *** piety under Lugonu
  4763 | D:4      | Reached skill level 4 in Armour
  5140 | D:4      | Found a blossoming altar of Fedhas.
  5495 | D:4      | Gained mutation: You have razor-sharp toenails. [demonic ancestry]
  5495 | D:4      | Reached XP level 7. HP: 37/54 MP: 9/9
  6035 | D:5      | Entered Level 5 of the Dungeon
  6119 | D:5      | Found Luoda's Distillery.
  6140 | D:5      | Reached skill level 5 in Armour
  6244 | D:5      | Bought a potion of curing for 33 gold pieces
  6244 | D:5      | Bought a potion of curing for 33 gold pieces
  6244 | D:5      | Bought a potion of might for 44 gold pieces
  6617 | D:5      | Noticed Prince Ribbit
  6809 | D:5      | Reached skill level 1 in Shields
  7032 | D:6      | Found a staircase to the Ecumenical Temple.
  7161 | D:6      | Noticed Eustachio
  7181 | D:6      | Reached skill level 1 in Stealth
  7192 | D:6      | Reached **** piety under Lugonu
  7302 | D:6      | Killed Eustachio
  7302 | D:6      | Reached XP level 8. HP: 23/61 MP: 10/10
  7706 | D:6      | Noticed Blork the orc
  7752 | D:6      | Killed Blork the orc
  7752 | D:6      | Reached skill level 6 in Armour
  8056 | D:6      | Found Joucoucs's Weapon Boutique.
  8329 | D:7      | Noticed GordonOverkill's ghost (novice DrFE)
  8606 | D:6      | HP: 2/61 [killer bee (7)]
  9485 | D:8      | Reached skill level 5 in Fighting
  9552 | D:8      | Killed Prince Ribbit
  9552 | D:8      | Reached skill level 7 in Armour
 10208 | D:7      | Banished GordonOverkill's ghost
 10208 | D:7      | Reached XP level 9. HP: 8/68 MP: 12/12
 10209 | D:7      | HP: 2/68 [burnt (3)]
 10210 | D:7      | Incinerated by GordonOverkill's ghost

Skill      XL: |  1  2  3  4  5  6  7  8 |
---------------+-------------------------+-----
Axes           | 2 3 4 |  4.2
Dodging        | 1 2 3 |  3.4
Armour         | 2 3 4 5 7 |  7.5
Fighting       | 4 5 |  5.2
Shields        | 1 3 |  3.2
Stealth        | 1 |  1.3
Invocations    | 4 |  4.2
Crossbows      | |  0.5

Action                   |  1- 3 |  4- 6 |  7- 9 || total
-------------------------+-------+-------+-------++-------
Melee: Hand axe          |   130 |   233 |    16 ||   379
       Kick              |    11 |       |       ||    11
       War axe           |       |       |   390 ||   390
 Fire: Hand crossbow     |       |     4 |       ||     4
Throw: Javelin           |     7 |       |     9 ||    16
Invok: Depart the Abyss  |     1 |       |       ||     1
       Banish            |       |       |     8 ||     8
  Use: Potion            |       |     3 |     6 ||     9
       Scroll            |       |       |    11 ||    11
 Stab: Distracted        |       |       |     3 ||     3
  Eat: Chunk             |     5 |     6 |    10 ||    21
       Bread ration      |       |     1 |     1 ||     2
       Royal jelly       |       |       |     1 ||     1
       Beef jerky        |       |       |     1 ||     1
Armor: Leather armour    |    10 |       |       ||    10
       Ring mail         |    43 |    22 |       ||    65
       Plate armour      |       |   161 |       ||   161
       Chain mail        |       |    17 |   435 ||   452
Dodge: Dodged            |    78 |    84 |   176 ||   338
Block: Shield            |       |     6 |   265 ||   271
